General information
- name: BNet
- type: Ladder team game (AT/RT)
- host: Battle.net
- saver: WarDawg
map: TwilightRuins
- players: 8
- length: 69:43
- speed: Fast
- version: 1.26 W3XP
- replay type: Public
» download(313 KB)
Players
team 1 (loser)
kbears (
teal | 39 APM | 2701 actions | 69:43)
5 Dark Ranger
2 Black Arrow
3 Silence
5 Death Knight
3 Death Coil
2 Unholy Aura
» actions
| Assign group hotkey | 25 | |
| Basic commands | 221 | |
| Build / train | 61 | |
| ESC pressed | 22 | |
| Enter build submenu | 24 | |
| Enter hero's abilities submenu | 10 | |
| Give item / drop item | 2 | |
| Right click | 400 | |
| Select / deselect | 483 | |
| Select group hotkey | 1338 | |
| Use ability | 102 | |
2701 total
» units
| Acolyte | 7 | |
| Ghoul | 11 | |
| Crypt Fiend | 5 | |
| Frost Wyrm | 2 | |
25 total
» upgrades
| Creature Attack | 3 | |
| Creature Carapace | 2 | |
| Web | 1 | |
6 total
» buildings
| Crypt | 1 | |
| Altar of Darkness | 1 | |
| Ziggurat | 12 | |
| Tomb of Relics | 1 | |
| Necropolis | 1 | |
| Graveyard | 2 | |
| Halls of the Dead | 1 | |
| Nerubian Tower | 2 | |
| Black Citadel | 1 | |
| Sacrificial Pit | 1 | |
| Spirit Tower | 1 | |
| Boneyard | 2 | |
26 total
» build order
00:12 Crypt
00:16 Altar of Darkness
00:34 Ziggurat
00:54 Tomb of Relics
01:29 Ziggurat
02:27 Ziggurat
04:02 Necropolis
05:02 Graveyard
05:17 Halls of the Dead
05:47 Ziggurat
05:49 Ziggurat
06:20 Ziggurat
06:35 Nerubian Tower
07:49 Black Citadel
07:52 Sacrificial Pit
08:55 Spirit Tower
08:56 Ziggurat
10:11 Boneyard
10:41 Boneyard
11:42 Nerubian Tower
11:44 Ziggurat
11:45 Ziggurat
12:10 Graveyard
13:57 Ziggurat
13:58 Ziggurat
13:59 Ziggurat
» items
| Boots of Speed | 1 | |
| Staff of Teleportation | 3 | |
| Rod of Necromancy | 1 | |
| Potion of Healing | 1 | |
| Scroll of the Beast | 1 | |
| Potion of Invulnerability | 1 | |
| Scroll of Town Portal | 2 | |
| Potion of Lesser Invulnerability | 1 | |
| Scroll of Healing | 1 | |
| Sentry Wards | 1 | |
13 total
WarDawg (
yellow | 33 APM | 2321 actions | 69:43)
8 Archmage
3 Summon Water Elemental
3 Brilliance Aura
1 Mass Teleport
1 Blizzard
6 Mountain King
3 Storm Bolt
2 Bash
1 Avatar
» actions
| Assign group hotkey | 154 | |
| Basic commands | 111 | |
| Build / train | 106 | |
| Enter build submenu | 47 | |
| Enter hero's abilities submenu | 16 | |
| Give item / drop item | 19 | |
| Remove unit from queue | 1 | |
| Right click | 1018 | |
| Select / deselect | 434 | |
| Select group hotkey | 250 | |
| Use ability | 165 | |
2321 total
» units
| Peasant | 24 | |
| Footman | 4 | |
| Goblin Shredder | 1 | |
| Gryphon Rider | 13 | |
42 total
» upgrades
| Masonry | 3 | |
| Swords | 3 | |
| Armor | 3 | |
| Animal War Training | 1 | |
| Storm Hammers | 1 | |
| Cloud | 1 | |
12 total
» buildings
| Altar of Kings | 3 | |
| Barracks | 1 | |
| Farm | 8 | |
| Arcane Vault | 2 | |
| Keep | 1 | |
| Lumber Mill | 1 | |
| Town Hall | 2 | |
| Castle | 1 | |
| Gryphon Aviary | 5 | |
| Blacksmith | 2 | |
| Scout Tower | 39 | |
| Guard Tower | 7 | |
72 total
» build order
00:38 Altar of Kings
00:39 Barracks
00:56 Farm
00:57 Farm
01:05 Farm
01:37 Farm
02:17 Arcane Vault
03:30 Keep
03:52 Lumber Mill
05:02 Town Hall
05:56 Castle
09:17 Gryphon Aviary
09:17 Gryphon Aviary
09:19 Gryphon Aviary
09:20 Gryphon Aviary
09:24 Gryphon Aviary
09:37 Blacksmith
09:43 Blacksmith
09:48 Farm
14:02 Altar of Kings
14:04 Altar of Kings
15:08 Scout Tower
15:08 Scout Tower
15:09 Scout Tower
15:10 Scout Tower
15:10 Scout Tower
15:12 Scout Tower
15:12 Scout Tower
15:19 Scout Tower
15:20 Scout Tower
15:23 Scout Tower
15:24 Scout Tower
15:25 Scout Tower
15:55 Farm
16:50 Guard Tower
18:07 Guard Tower
18:11 Scout Tower
18:12 Scout Tower
18:13 Scout Tower
18:17 Scout Tower
18:17 Scout Tower
18:18 Scout Tower
18:19 Scout Tower
18:20 Scout Tower
18:20 Scout Tower
18:21 Scout Tower
18:21 Scout Tower
19:01 Guard Tower
21:35 Guard Tower
22:12 Town Hall
22:16 Scout Tower
22:17 Scout Tower
22:19 Scout Tower
22:19 Scout Tower
22:20 Scout Tower
22:20 Scout Tower
22:22 Scout Tower
22:23 Scout Tower
22:23 Scout Tower
22:24 Scout Tower
22:27 Scout Tower
22:27 Scout Tower
22:29 Scout Tower
22:29 Scout Tower
22:50 Guard Tower
23:22 Guard Tower
24:01 Guard Tower
25:22 Farm
25:29 Farm
31:36 Arcane Vault
» items
| Scroll of Regeneration | 6 | |
| Potion of Mana | 2 | |
| Periapt of Vitality | 3 | |
| Potion of Lesser Invulnerability | 3 | |
| Scroll of Town Portal | 5 | |
| Staff of Sanctuary | 1 | |
| Book of the Dead | 1 | |
| Potion of Greater Healing | 1 | |
| Boots of Speed | 1 | |
| Potion of Healing | 3 | |
26 total

»
IhopeIMpink (
purple | 33 APM | 1531 actions | 46:45)
4 Keeper of the Grove
2 Entangling Roots
2 Thorns Aura
2 Priestess of the Moon
1 Scout
1 Trueshot Aura
» actions
| Assign group hotkey | 24 | |
| Basic commands | 26 | |
| Build / train | 54 | |
| Enter build submenu | 25 | |
| Enter hero's abilities submenu | 6 | |
| Right click | 630 | |
| Select / deselect | 272 | |
| Select group hotkey | 426 | |
| Use ability | 68 | |
1531 total
» units
| Wisp | 19 | |
| Archer | 6 | |
| Huntress | 6 | |
| Hippogryph | 8 | |
| Dryad | 2 | |
| Footman | 2 | |
43 total
» upgrades
» buildings
| Moon Well | 9 | |
| Altar of Elders | 1 | |
| Ancient of War | 1 | |
| Hunter's Hall | 1 | |
| Ancient Protector | 7 | |
| Tree of Ages | 2 | |
| Ancient of Wind | 1 | |
| Ancient of Lore | 2 | |
| Tree of Life | 2 | |
26 total
» build order
00:12 Moon Well
00:14 Altar of Elders
01:04 Ancient of War
01:24 Moon Well
02:54 Hunter's Hall
03:28 Moon Well
04:25 Ancient Protector
04:47 Moon Well
05:49 Ancient Protector
06:40 Tree of Ages
06:43 Ancient Protector
07:22 Ancient Protector
07:57 Moon Well
08:40 Ancient Protector
09:03 Ancient of Wind
09:08 Ancient of Lore
09:27 Moon Well
10:34 Ancient of Lore
12:03 Moon Well
12:22 Tree of Life
13:42 Ancient Protector
13:47 Moon Well
14:30 Ancient Protector
15:15 Moon Well
15:31 Tree of Ages
16:46 Tree of Life
xenogears (
pink | 84 APM | 2833 actions | 33:38)
6 Mountain King
3 Storm Bolt
2 Bash
1 Avatar
» actions
| Assign group hotkey | 38 | |
| Build / train | 59 | |
| Enter build submenu | 30 | |
| Enter hero's abilities submenu | 6 | |
| Right click | 1018 | |
| Select / deselect | 389 | |
| Select group hotkey | 1250 | |
| Use ability | 43 | |
2833 total
» units
| Peasant | 15 | |
| Rifleman | 15 | |
| Mortar Team | 6 | |
36 total
» upgrades
| Gunpowder | 3 | |
| Armor | 3 | |
| Long Rifles | 1 | |
| Lumber Harvesting | 1 | |
| Fragmentation Shards | 1 | |
| Flare | 1 | |
10 total
» buildings
| Farm | 16 | |
| Barracks | 2 | |
| Blacksmith | 1 | |
| Altar of Kings | 2 | |
| Scout Tower | 1 | |
| Arcane Tower | 1 | |
| Lumber Mill | 1 | |
| Arcane Vault | 1 | |
| Keep | 1 | |
| Castle | 1 | |
| Workshop | 1 | |
| Town Hall | 2 | |
30 total
» build order
00:09 Farm
00:19 Barracks
00:50 Blacksmith
01:24 Altar of Kings
01:53 Scout Tower
02:03 Farm
02:26 Arcane Tower
02:44 Lumber Mill
02:55 Farm
03:22 Arcane Vault
03:38 Farm
04:16 Farm
04:59 Farm
06:03 Keep
06:14 Farm
06:54 Farm
08:07 Farm
09:08 Farm
09:10 Castle
09:55 Farm
10:04 Workshop
20:03 Town Hall
25:02 Town Hall
28:14 Farm
28:52 Farm
29:31 Farm
30:11 Farm
31:17 Farm
32:47 Altar of Kings
33:17 Barracks
» items
| Scroll of Regeneration | 1 | |
| Scroll of Town Portal | 2 | |
3 total
team 2 (winner)
frank-zappa (
blue | 39 APM | 1811 actions | 46:30)
5 Mountain King
3 Storm Bolt
2 Bash
7 Pandaren Brewmaster
3 Drunken Haze
3 Breath of Fire
1 Storm Earth and Fire
» actions
| Assign group hotkey | 49 | |
| Basic commands | 11 | |
| Build / train | 139 | |
| Enter build submenu | 64 | |
| Enter hero's abilities submenu | 12 | |
| Give item / drop item | 1 | |
| Remove unit from queue | 13 | |
| Right click | 444 | |
| Select / deselect | 563 | |
| Select group hotkey | 414 | |
| Use ability | 101 | |
1811 total
» units
| Peasant | 38 | |
| Footman | 5 | |
| Rifleman | 23 | |
| Mortar Team | 5 | |
| Siege Engine | 9 | |
| Makrura Snapper | 1 | |
| Mur'gul Snarecaster | 1 | |
82 total
» upgrades
| Gunpowder | 3 | |
| Plating | 2 | |
| Barrage | 1 | |
| Masonry | 3 | |
| Long Rifles | 1 | |
| Armor | 2 | |
| Backpack | 1 | |
| Fragmentation Shards | 1 | |
| Flare | 1 | |
15 total
» buildings
| Farm | 26 | |
| Altar of Kings | 2 | |
| Barracks | 2 | |
| Blacksmith | 2 | |
| Lumber Mill | 2 | |
| Arcane Vault | 2 | |
| Keep | 2 | |
| Castle | 2 | |
| Gryphon Aviary | 1 | |
| Workshop | 2 | |
| Town Hall | 4 | |
| Scout Tower | 11 | |
| Guard Tower | 8 | |
66 total
» build order
00:05 Farm
00:08 Altar of Kings
00:47 Barracks
01:11 Farm
01:47 Blacksmith
01:55 Lumber Mill
02:02 Farm
02:46 Arcane Vault
03:49 Keep
04:01 Farm
06:18 Castle
06:46 Gryphon Aviary
07:02 Workshop
07:08 Farm
07:55 Farm
08:56 Farm
09:40 Farm
10:24 Farm
11:06 Farm
11:53 Farm
12:33 Farm
13:16 Farm
16:16 Town Hall
21:47 Farm
25:24 Town Hall
26:07 Farm
26:23 Farm
26:36 Farm
29:15 Scout Tower
29:17 Scout Tower
29:20 Scout Tower
29:21 Scout Tower
29:30 Lumber Mill
30:00 Scout Tower
30:11 Scout Tower
30:18 Scout Tower
30:23 Scout Tower
30:41 Scout Tower
30:46 Scout Tower
31:06 Barracks
31:22 Scout Tower
31:29 Guard Tower
31:45 Guard Tower
31:51 Guard Tower
32:00 Guard Tower
32:05 Guard Tower
32:17 Guard Tower
32:24 Farm
32:38 Guard Tower
32:56 Keep
33:03 Farm
33:12 Blacksmith
33:45 Town Hall
34:13 Altar of Kings
34:44 Guard Tower
35:06 Farm
35:10 Farm
35:12 Farm
35:28 Farm
35:34 Farm
35:41 Farm
36:01 Arcane Vault
36:06 Castle
40:25 Workshop
41:46 Town Hall
41:55 Farm
» items
| Scroll of Town Portal | 2 | |
| Orb of Fire | 1 | |
3 total
COLTS-CHOKED (
red | 52 APM | 3596 actions | 69:43)
9 Blademaster
3 Wind Walk
3 Critical Strike
1 Bladestorm
2 Mirror Image
1 Shadow Hunter
1 Hex
» actions
| Assign group hotkey | 72 | |
| Basic commands | 150 | |
| Build / train | 105 | |
| Enter build submenu | 32 | |
| Enter hero's abilities submenu | 10 | |
| Give item / drop item | 8 | |
| Remove unit from queue | 1 | |
| Right click | 1557 | |
| Select / deselect | 408 | |
| Select group hotkey | 948 | |
| Use ability | 305 | |
3596 total
» units
| Peon | 15 | |
| Wind Rider | 8 | |
| Goblin Shredder | 3 | |
| Troll Batrider | 6 | |
| Goblin Sapper | 7 | |
| Demolisher | 1 | |
| Goblin Zeppelin | 1 | |
| Raider | 1 | |
42 total
» upgrades
| Reinforced Defenses | 1 | |
| Envenomed Spears | 1 | |
| Ranged Weapons | 3 | |
| Armor | 3 | |
| Liquid Fire | 1 | |
| Burning Oil | 1 | |
10 total
» buildings
| Altar of Storms | 1 | |
| Orc Burrow | 7 | |
| War Mill | 1 | |
| Voodoo Lounge | 2 | |
| Watch Tower | 46 | |
| Stronghold | 2 | |
| Beastiary | 4 | |
| Keep | 2 | |
| Blacksmith | 1 | |
| Fortress | 2 | |
| Great Hall | 3 | |
| Barracks | 2 | |
73 total
» build order
00:08 Altar of Storms
00:21 Orc Burrow
00:52 War Mill
01:30 Voodoo Lounge
02:13 Watch Tower
02:19 Watch Tower
03:11 Stronghold
03:11 Stronghold
03:24 Watch Tower
03:24 Watch Tower
03:52 Orc Burrow
03:55 Orc Burrow
04:12 Watch Tower
04:19 Watch Tower
05:39 Beastiary
06:08 Keep
06:08 Keep
06:13 Blacksmith
06:26 Fortress
06:26 Fortress
06:29 Beastiary
06:50 Orc Burrow
09:27 Great Hall
09:33 Watch Tower
09:34 Watch Tower
09:34 Watch Tower
11:28 Watch Tower
11:28 Watch Tower
11:29 Watch Tower
12:35 Watch Tower
12:35 Watch Tower
12:36 Watch Tower
13:48 Watch Tower
13:48 Watch Tower
13:49 Watch Tower
13:49 Watch Tower
13:50 Watch Tower
13:51 Watch Tower
13:51 Watch Tower
13:52 Watch Tower
15:54 Orc Burrow
15:55 Orc Burrow
15:55 Orc Burrow
16:39 Watch Tower
16:39 Watch Tower
16:40 Watch Tower
16:40 Watch Tower
16:41 Watch Tower
16:41 Watch Tower
16:42 Watch Tower
16:59 Beastiary
19:43 Great Hall
21:49 Watch Tower
21:50 Watch Tower
21:50 Watch Tower
21:51 Watch Tower
21:51 Watch Tower
21:51 Watch Tower
21:52 Watch Tower
21:52 Watch Tower
23:57 Watch Tower
23:57 Watch Tower
23:57 Watch Tower
25:10 Beastiary
27:36 Voodoo Lounge
30:48 Great Hall
39:06 Watch Tower
39:06 Watch Tower
39:07 Watch Tower
39:07 Watch Tower
39:08 Watch Tower
44:16 Barracks
44:18 Barracks
» items
| Healing Salve | 4 | |
| Lesser Clarity Potion | 2 | |
| Staff of Teleportation | 2 | |
| Boots of Speed | 1 | |
| Potion of Lesser Invulnerability | 4 | |
| Scroll of Town Portal | 6 | |
| Potion of Healing | 7 | |
| Potion of Mana | 2 | |
| Orb of Lightning | 2 | |
| Tiny Great Hall | 2 | |
32 total
Peasant (
orange | 43 APM | 2965 actions | 69:43)
6 Archmage
3 Summon Water Elemental
3 Brilliance Aura
» actions
| Basic commands | 10 | |
| Build / train | 124 | |
| ESC pressed | 1 | |
| Enter build submenu | 39 | |
| Enter hero's abilities submenu | 11 | |
| Give item / drop item | 1 | |
| Remove unit from queue | 6 | |
| Right click | 1545 | |
| Select / deselect | 1077 | |
| Use ability | 150 | |
2965 total
» units
| Peasant | 10 | |
| Footman | 23 | |
| Rifleman | 25 | |
| Sorceress | 5 | |
| Priest | 16 | |
| Mortar Team | 9 | |
88 total
» upgrades
| Defend | 2 | |
| Gunpowder | 3 | |
| Armor | 3 | |
| Priest Training | 2 | |
| Sorceress Training | 1 | |
| Long Rifles | 2 | |
13 total
» buildings
| Altar of Kings | 3 | |
| Farm | 22 | |
| Barracks | 2 | |
| Arcane Vault | 1 | |
| Lumber Mill | 3 | |
| Keep | 0 | |
| Blacksmith | 3 | |
| Arcane Sanctum | 2 | |
| Castle | 0 | |
| Workshop | 1 | |
| Town Hall | 2 | |
39 total
» build order
00:04 Altar of Kings
00:06 Farm
00:29 Altar of Kings
00:31 Farm
00:40 Barracks
00:42 Farm
01:12 Barracks
01:18 Farm
01:43 Farm
01:56 Farm
02:06 Arcane Vault
02:47 Farm
03:46 Farm
03:50 Farm
03:50 Farm
03:51 Farm
05:01 Lumber Mill
05:48 Farm
06:16 Keep
08:05 Blacksmith
08:08 Blacksmith
08:39 Arcane Sanctum
08:48 Arcane Sanctum
09:20 Farm
09:21 Farm
09:22 Farm
09:23 Farm
11:50 Farm
11:56 Lumber Mill
11:58 Lumber Mill
15:32 Castle
16:43 Farm
48:20 Workshop
48:39 Town Hall
49:56 Farm
49:57 Farm
49:58 Farm
49:59 Farm
50:07 Blacksmith
50:48 Altar of Kings
52:28 Town Hall
62:47 Keep
» items
| Scroll of Regeneration | 3 | |
| Orb of Lightning | 1 | |
| Healing Salve | 1 | |
5 total

»
ic3dt3a (
green | 39 APM | 9 actions | 00:13)
» actions
| Right click | 3 | |
| Select / deselect | 1 | |
| Use ability | 5 | |
9 total
Chat log
(00:16 / All) WarDawg: Pats for 4th and 4 with like 5 minutes left and up 31 points
(00:22 / All) WarDawg: went for*
(00:29 / All) COLTS-CHOKED: isaw that
(00:32 / All) COLTS-CHOKED: edelman caught it rihgt
(00:34 / All) WarDawg: Yeah
(00:51 / All) WarDawg: ever see teh pic "we're only up fucking 40!"
(00:51 / Allies) IhopeIMpink: they gonna rush mas plse
(01:10 / All) COLTS-CHOKED: nay but brady tweeted a pic of him riding a blue colt earlier this week
(03:00 / Allies) IhopeIMpink: rush plse!!!!
(03:04 / Allies) xenogears: k
(03:52 / Allies) xenogears: where
(04:00 / Allies) IhopeIMpink: 4v3
(04:08 / Allies) IhopeIMpink: and red teched
(04:21 / Allies) IhopeIMpink: meet
(04:51 / Allies) kbears: gogo
(05:14 / Allies) IhopeIMpink: YELLOW!!!!
(05:32 / Allies) xenogears: out
(05:38 / All) IhopeIMpink: YELLOW U SHIT NOOB!!!
(05:48 / Allies) WarDawg: I didn't say I wanted to rush bro
(05:54 / Allies) xenogears: why did we atk red/
(05:56 / Allies) IhopeIMpink: be rdy
(06:02 / Allies) IhopeIMpink: u noob man
(06:06 / Allies) WarDawg: pretty lame to rush against leaver team anyway
(06:08 / Allies) IhopeIMpink: i mean bro
(06:14 / Allies) IhopeIMpink: 4v3
(06:15 / Allies) IhopeIMpink: noob
(06:18 / Allies) xenogears: he towered
(06:22 / Allies) WarDawg: yeah you're more cultured than me dude
(06:31 / Allies) IhopeIMpink: he teching wyves we hit its gg
(07:01 / Allies) IhopeIMpink: shit noob
(07:38 / All) IhopeIMpink: 3v4 we lose
(07:39 / All) IhopeIMpink: gg
(07:42 / All) COLTS-CHOKED: gg
(07:55 / All) COLTS-CHOKED: gg man
(07:58 / All) COLTS-CHOKED: plz leave
(11:37 / Allies) kbears: wyvs
(11:47 / Allies) IhopeIMpink: o really shocker
(11:53 / Allies) IhopeIMpink: said that from the start
(12:46 / Allies) WarDawg: sopme one tp
(13:48 / Allies) xenogears: gogog
(15:39 / Allies) xenogears: someone take point
(16:55 / Allies) IhopeIMpink: we rush its gg
(17:41 / Allies) kbears: purp you need gold to reubilt?
(18:08 / Allies) xenogears: who needs gold
(18:25 / Allies) kbears: i got 1400 that is goingt o wawte
(18:32 / Allies) kbears: need more mortar
(18:33 / Allies) kbears: anti tank
(19:41 / Allies) kbears: apnda
(20:21 / Allies) kbears: gotta fight somehwrere
(20:37 / Allies) xenogears: where to buy tp
(20:51 / Allies) xenogears: ok tp to yellow?
(20:57 / Allies) kbears: yes
(21:40 / Allies) IhopeIMpink: kill!!!!
(22:00 / Allies) xenogears: everyone get tp
(22:49 / Allies) xenogears: everyon ehave tp?
(22:52 / Allies) IhopeIMpink: morts
(23:05 / Allies) kbears: here they conme
(23:27 / Allies) kbears: where tp to?
(23:36 / Allies) IhopeIMpink: NO TP WTF!!!
(23:38 / All) IhopeIMpink: KILL TRED!!!
(23:54 / Allies) xenogears: ok kill red
(24:39 / Allies) xenogears: yellow i didn't mean tp now
(24:41 / Allies) xenogears: when they atk
(24:48 / Allies) IhopeIMpink: PINK EXP WTF!!!!
(25:13 / Allies) kbears: oj
(25:38 / Allies) IhopeIMpink: kill we win wtf yopu guys are fn horrible
(25:44 / Allies) xenogears: kill with what??
(25:48 / Allies) IhopeIMpink: jesus
(25:52 / Allies) IhopeIMpink: 4v1
(25:59 / Allies) IhopeIMpink: yellow meet!!!
(26:02 / Allies) xenogears: we need yellow
(26:03 / Allies) xenogears: to beat that
(26:11 / Allies) IhopeIMpink: omg u tards
(26:17 / Allies) xenogears: fine
(26:20 / Allies) xenogears: you wanna go in
(26:21 / Allies) xenogears: lets go
(26:24 / Allies) xenogears: bring your heros in
(26:29 / All) COLTS-CHOKED: wut a strange game
(26:31 / Allies) IhopeIMpink: all of us yes!!!
(26:40 / Allies) xenogears: well tell yellow that
(26:42 / Allies) IhopeIMpink: this fn noob!!
(26:52 / Allies) xenogears: purp yellow isn't listening
(26:56 / Allies) IhopeIMpink: yellow why u play team??
(26:56 / Allies) xenogears: so we have to tp if they hit
(27:10 / Allies) IhopeIMpink: all meet and hit red its that easy
(27:22 / Allies) IhopeIMpink: yellow play solo u shit noob
(27:30 / Allies) kbears: oj just tp down
(27:32 / Allies) IhopeIMpink: MEET
(27:47 / Allies) IhopeIMpink: wytf noiob
(27:59 / Allies) IhopeIMpink: yellow u are fn horrible
(28:05 / Allies) WarDawg: lol
(28:09 / Allies) IhopeIMpink: true
(28:16 / Allies) WarDawg: calm down virgin
(28:22 / Allies) IhopeIMpink: lol noob
(28:38 / Allies) IhopeIMpink: people like u just need to play solo
(28:40 / Allies) xenogears: shit we had this
(28:43 / Allies) IhopeIMpink: dont get it
(28:55 / Allies) IhopeIMpink: yellow has his own agenda
(29:02 / Allies) IhopeIMpink: not a team player
(29:07 / Allies) IhopeIMpink: horrible noob
(29:43 / Allies) kbears: oj
(30:15 / Allies) xenogears: shit caught me off guard
(30:16 / Allies) xenogears: it's done
(30:19 / Allies) xenogears: if yellow doesn't come now
(30:42 / All) COLTS-CHOKED: lol
(30:56 / All) WarDawg: oh I didn't have level 2 bolt
(30:58 / All) WarDawg: thought I did
(31:03 / Allies) xenogears: lol
(31:52 / Allies) kbears: coming
(31:59 / Allies) xenogears: lol
(32:01 / Allies) xenogears: it's over
(32:43 / Allies) IhopeIMpink: yellow 12k gold and no units
(32:51 / Allies) xenogears: yellow gold plz
(34:18 / Allies) kbears: lol
(34:25 / All) IhopeIMpink: gg yellow trash
(35:14 / Allies) WarDawg: Punk bitch lel
(35:29 / Allies) IhopeIMpink: red just hit yellow attacking us
(36:05 / All) WarDawg: Purple whined all game
(36:08 / All) WarDawg: He's a girl
(36:22 / All) IhopeIMpink: play me 1v1
(36:31 / All) COLTS-CHOKED: purple stfu lol
(36:32 / All) WarDawg: why waste my time with a noob
(36:40 / All) WarDawg: sub 50% trash
(36:44 / All) IhopeIMpink: lol noob typical pussy response
(36:52 / All) WarDawg: dawg you ain't even 50%
(37:01 / All) IhopeIMpink: ok should be easy then
(37:04 / All) IhopeIMpink: bro
(37:09 / All) WarDawg: yeah I could play a total noob all the time
(37:13 / All) WarDawg: cuz it's easy
(37:16 / All) WarDawg: wait no that's a waste of time
(37:16 / All) IhopeIMpink: play me
(37:18 / All) WarDawg: rush faggot
(37:24 / All) IhopeIMpink: HA! pussy
(37:29 / All) WarDawg: You're out of dis game yo
(37:31 / All) WarDawg: Just leave
(37:36 / All) IhopeIMpink: k play me
(37:39 / All) WarDawg: You're embarrasing yourself
(37:48 / All) WarDawg: I'm 100% vs "1v1 me" fags
(37:56 / All) IhopeIMpink: actually u look like a big puss
(37:57 / All) WarDawg: It's truly a waste of time
(38:05 / All) kbears: red how much gold you got?
(38:07 / All) kbears: 10k?
(38:13 / All) COLTS-CHOKED: only 4k
(38:15 / All) IhopeIMpink: ok play me it should be easy over quick
(38:21 / All) WarDawg: You're an idiot
(38:23 / All) WarDawg: Fine
(38:24 / All) WarDawg: After game
(38:29 / All) IhopeIMpink: yay
(38:32 / All) WarDawg: Go to channel ihopeimpink is a retard
(38:41 / All) WarDawg: You're going to get smoked
(38:47 / All) WarDawg: and you'll rage quit offline
(38:49 / All) Peasant: u should leave so u could do it now
(38:50 / All) IhopeIMpink: u have no idera
(38:50 / All) Peasant: lolo
(38:51 / All) WarDawg: Everytime
(38:52 / All) kbears: sick
(38:58 / All) WarDawg: You're not even 50% RT
(39:01 / All) WarDawg: You suck dude
(39:18 / All) IhopeIMpink: yellow is the typical solo player that plays rt and fucks everyone
(39:24 / All) WarDawg: lol
(39:28 / All) WarDawg: you are the one without a clue
(39:30 / All) IhopeIMpink: true
(40:05 / Allies) kbears: yellow they comign
(40:07 / Allies) kbears: xD
(40:14 / Allies) IhopeIMpink: a
(41:09 / All) COLTS-CHOKED: coming blue
(41:54 / All) COLTS-CHOKED: wtf
(42:29 / All) kbears: this is like 40 food vs 140 right now
(42:38 / All) Peasant: yea true
(42:43 / All) Peasant: but like 5000 turrets
(43:23 / All) WarDawg: AFK for a sec
(43:36 / All) IhopeIMpink: no u just suck
(43:43 / All) COLTS-CHOKED: lol
(43:44 / All) WarDawg: ufc lawl
(44:02 / All) WarDawg: hint red and I never attacked each other
(44:10 / All) COLTS-CHOKED: hint hint
(44:11 / All) WarDawg: afk for a few mins
(44:12 / All) COLTS-CHOKED: wink wink
(44:20 / All) frank-zappa: lol
(44:22 / All) frank-zappa: fuckers!
(44:37 / All) COLTS-CHOKED: die zappa
(44:39 / All) IhopeIMpink: so whats the point waste time?
(44:44 / All) frank-zappa: faaaaaack
(44:50 / All) frank-zappa: not cool
(44:54 / All) COLTS-CHOKED: ill stop
(44:57 / All) COLTS-CHOKED: ill let u keep a hero
(44:59 / All) COLTS-CHOKED: boh heros
(45:02 / All) Peasant: kappa
(45:16 / All) COLTS-CHOKED: no units just heros blue
(45:26 / All) frank-zappa: lol
(45:30 / All) frank-zappa: whatever
(45:41 / All) COLTS-CHOKED: yellow, my faithful kin, needs to watch ufc and afk
(45:45 / All) COLTS-CHOKED: so i have to protect her
(45:56 / All) Peasant: so which one of u gets the win
(46:14 / All) COLTS-CHOKED: when he gets back we'll probably kill all our units and leave the game for u guys to win it for urselves
(46:24 / All) COLTS-CHOKED: of course we'll leave u with some zepplins and critters
(46:33 / All) COLTS-CHOKED: dont want to be totally arrogant
(46:55 / All) COLTS-CHOKED: teal vs oj
(46:59 / All) Peasant: well theres goes that
(47:03 / All) kbears: i finish yellow b4 hes back
(47:05 / All) kbears: so you win
(47:09 / All) COLTS-CHOKED: lol
(47:12 / All) Peasant: evil
(47:14 / All) COLTS-CHOKED: i can kill ur dk before then tho
(47:21 / All) kbears: GL
(47:34 / All) COLTS-CHOKED: ur right i do need luck if u hide behind his towers
(47:43 / All) kbears: if any left
(49:33 / All) Peasant: LOL
(49:36 / All) COLTS-CHOKED: lawl
(49:41 / All) COLTS-CHOKED: i can probably kill ur dk
(49:43 / All) COLTS-CHOKED: with that
(49:47 / All) kbears: DEFINITELY
(49:50 / All) kbears: its only lvl 5
(49:53 / All) kbears: and shit items
(50:01 / All) kbears: hell blue could
(50:15 / All) kbears: eh
(50:19 / All) kbears: fun for you... fun for me
(50:24 / All) COLTS-CHOKED: dammit orange
(50:26 / All) COLTS-CHOKED: no units for blue
(50:35 / All) COLTS-CHOKED: only heroes
(51:52 / Allies) kbears: B
(51:53 / Allies) kbears: BL
(51:56 / All) kbears: BLUE UNIT
(51:57 / All) kbears: OMG
(51:58 / All) kbears: UNFAIR
(52:01 / All) Peasant: rekd
(52:04 / All) COLTS-CHOKED: get it
(52:07 / All) COLTS-CHOKED: i wanted it dead too
(52:09 / All) COLTS-CHOKED: help me out
(52:16 / All) Peasant: lol that does no dmg
(52:50 / All) COLTS-CHOKED: ur archmage? u need a farm urself
(53:08 / All) COLTS-CHOKED: i could buy u a tiny hall to give to blues hero maybe it would build a hall for urself
(53:53 / All) COLTS-CHOKED: did yel kil u lawl
(54:01 / All) kbears: no
(54:42 / All) COLTS-CHOKED: what is everyone's favorite tv show here? i love justified
(54:46 / All) kbears: yellow up to 24k gold
(54:50 / All) kbears: better work on it
(54:54 / All) COLTS-CHOKED: hes gotten 300k gold bbefore
(54:58 / All) Peasant: arrow :)
(54:59 / All) COLTS-CHOKED: on the "friends" map
(55:45 / All) COLTS-CHOKED: did purple really whine
(55:58 / All) kbears: TOTES
(56:22 / All) COLTS-CHOKED: did or didn't?
(56:33 / All) COLTS-CHOKED: he was sort of peeved at me for not warning him about u
(56:36 / All) COLTS-CHOKED: yellow that was
(56:51 / All) COLTS-CHOKED: i told him i was distracted cuz i just defended my base from 3 of em
(58:54 / All) Peasant: this is so sad y we stay
(59:15 / All) COLTS-CHOKED: im looking for his god damn dk
(60:20 / All) Peasant: r u still alive teal
(60:26 / All) COLTS-CHOKED: teal i think ur pulling our leg
(60:31 / All) COLTS-CHOKED: last
(60:56 / All) COLTS-CHOKED: would u guys be willing to leave ur comp on all night
(61:05 / All) Peasant: nah
(61:08 / All) Peasant: not that desperate
(61:16 / All) COLTS-CHOKED: cuz it is likely going down that route when he gets back
(61:33 / All) Peasant: well no one will get a win lol
(62:04 / All) WarDawg: what happened to my heroes
(62:12 / All) kbears: RED KILLED THEM
(62:17 / All) WarDawg: Dumb jake
(63:07 / All) kbears: BLUE AND I DUEL
(63:10 / All) kbears: FORM A RING
(63:20 / All) Peasant: i thought u died
(64:35 / All) Peasant: soooo
(65:07 / All) COLTS-CHOKED: ok me and yellow are gonna wrap this up
(65:54 / Allies) WarDawg: can't run from mass tp dawg
(66:12 / All) COLTS-CHOKED: dead
(66:47 / All) COLTS-CHOKED: bad boy
(67:02 / All) COLTS-CHOKED: standoff almost done on my end
(67:44 / All) COLTS-CHOKED: im stilll curious how teals dk died
(67:56 / All) WarDawg: I just killed it
(68:05 / All) WarDawg: He tried to kill one of my peasants
(68:17 / All) WarDawg: He says you killed my heroes, you say him
(68:18 / All) WarDawg: l;el
(68:21 / All) COLTS-CHOKED: i know we revealed and saw ur hero dieing
(68:25 / All) COLTS-CHOKED: lawl
(68:29 / All) kbears: LIES
(68:30 / All) COLTS-CHOKED: he is trying to manipulate
(68:36 / All) kbears: red is no friend
(68:43 / All) kbears: he ran in
(68:45 / All) COLTS-CHOKED: i would take a bullet for yellow
(68:46 / All) kbears: HE KILLED SOME TOWERS TOO
(69:12 / Allies) kbears: THATR OINE
(69:17 / All) COLTS-CHOKED: standoff complete my side in a couple sec
(69:20 / Allies) WarDawg: blue did that
(69:36 / All) WarDawg: Well
(69:39 / All) WarDawg: Good luck gents
(69:40 / All) COLTS-CHOKED: good luck oj
(69:42 / All) COLTS-CHOKED: good luck teal